 Dungeon Crawl Stone Soup version 0.19-a0-981-gaae9137 (webtiles) character file.

147 mistymad the Poker (level 5, 0/41 HPs)
             Began as a Merfolk Skald on July 14, 2016.
             Slain by a water moccasin (7 damage)
             ... on level 3 of the Dungeon.
             The game lasted 00:03:25 (2162 turns).

mistymad the Poker (Merfolk Skald)                  Turns: 2162, Time: 00:03:25

Health: 0/41       AC:  4    Str: 12    XL:     5   Next: 29%
Magic:  7/9        EV: 13    Int: 11    God:
Gold:   186        SH:  0    Dex: 15    Spells: 3 memorised, 4 levels left

rFire  . . .     SeeInvis .     a - +0 spear
rCold  . . .     Gourm    .     b - +0 leather armour
rNeg   . . .     Faith    .     (no shield)
rPois  .         Spirit   .     (no helmet)
rElec  .         Dismiss  .     j - +0 cloak
rCorr  .         Reflect  .     (no gloves)
SustAt .         Harm     .     (no boots)
MR     .....                    (no amulet)
Stlth  +.........               (no ring)
                                (no ring)

@: lethally poisoned (0 -> -9), not resistant to hostile enchantments, very
unstealthy
A: change form in water, swift swim
a: no special abilities


You were on level 3 of the Dungeon.
You were not hungry.

You visited 1 branch of the dungeon, and saw 3 of its levels.

You collected 186 gold pieces.

Inventory:

Hand Weapons
 a - a +0 spear (weapon)
Armour
 b - a +0 leather armour (worn)
 j - a +0 cloak (worn)
Jewellery
 i - an uncursed ring of stealth {unknown}
 n - an uncursed amulet of magic regeneration {unknown}
Scrolls
 e - 3 scrolls of identify {unknown}
 f - a scroll of enchant armour {unknown}
 k - 3 scrolls of remove curse {unknown}
 p - 2 scrolls of random uselessness {unknown}
 r - a scroll of fog {unknown}
Potions
 g - a potion of curing
 h - a potion of cancellation {unknown}
 l - a potion of agility {unknown}
Books
 c - a book of Battle

   Spells                             Type                      Level
   a - Infusion                       Charms                       1
   b - Shroud of Golubria             Charms/Translocation         2
   c - Song of Slaying                Charms                       2
   d - Spectral Weapon                Hexes/Charms                 3
   e - Regeneration                   Charms/Necromancy            3
Comestibles
 d - a bread ration
 m - 4 meat rations
 o - 3 chunks of flesh
 q - a slice of pizza


   Skills:
 + Level 3.2 Fighting
 + Level 4.3 Polearms
 - Level 0.6 Armour
 + Level 3.2 Dodging
 + Level 2.7 Spellcasting
 + Level 3.9 Charms


You had 4 spell levels left.
You knew the following spells:

 Your Spells              Type           Power        Failure   Level  Hunger
a - Infusion              Chrm           ##..         10%         1    #......
b - Song of Slaying       Chrm           ##......     12%         2    ###....
c - Shroud of Golubria    Chrm/Tloc      #.........   24%         2    ###....


Dungeon Overview and Level Annotations

Branches:
Dungeon (3/15)

Altars:
Hepliaklqana
Pakellas

Shops:
D:2 }


Message History

You are too injured to fight recklessly!
You are too injured to fight recklessly!
You are too injured to fight recklessly!
You are too injured to fight recklessly!
You are too injured to fight recklessly!
You barely miss the water moccasin.
The water moccasin is moderately wounded.
* * * LOW HITPOINT WARNING * * *
You feel sick. The water moccasin bites you.
* * * LOW HITPOINT WARNING * * *
You take 4 damage, and have 8/41 hp.
You closely miss the water moccasin.
The water moccasin is moderately wounded.
* * * LOW HITPOINT WARNING * * *
You feel sick. The water moccasin closely misses you.
You barely miss the water moccasin.
The water moccasin is moderately wounded.
* * * LOW HITPOINT WARNING * * *
You feel sick. The water moccasin bites you!
You die...

# #.
...#.#.##########
_..............?.
##..†## #.....## ##
#......### .
#.......... #.
##S.....####
#.####@......#
#......#....#.# ..
###.#####..###.# .
#.#####.#####.##
#..# ##.
#............##
#.##..
#######.#.###.#
##..#.##. #(#.#
#.###.##.....
###.#.#####.#......#
#..................#


You could see a water moccasin.

Vanquished Creatures
  A giant frog (D:3)
  2 adders (D:2)
  An ooze (D:3)
  A worm (D:2)
  A dart slug (D:2)
  3 giant geckos
  8 orcs (D:3)
  4 giant cockroaches
  8 goblins
  5 hobgoblins
  2 quokkas
  5 bats
  A giant newt (D:1)
  6 kobolds
  2 rats
50 creatures vanquished.

Notes
Turn   | Place    | Note
-------+----------+-------------------------------------------
     0 | D:1      | mistymad the Merfolk Skald began the quest for the Orb.
     0 | D:1      | Reached XP level 1. HP: 16/16 MP: 3/3
   199 | D:1      | Reached XP level 2. HP: 23/23 MP: 5/5
   599 | D:2      | Reached XP level 3. HP: 10/28 MP: 6/6
   978 | D:2      | Found an oddly glowing altar of Pakellas.
   978 | D:2      | Found Pakellas's Prime Provisions.
  1440 | D:2      | Reached XP level 4. HP: 34/34 MP: 7/7
  1821 | D:3      | Learned a level 2 spell: Song of Slaying
  1824 | D:3      | Learned a level 2 spell: Shroud of Golubria
  2080 | D:3      | Noticed a giant frog
  2087 | D:3      | Killed a giant frog
  2087 | D:3      | Reached skill level 4 in Polearms
  2087 | D:3      | Reached XP level 5. HP: 25/41 MP: 7/9
  2141 | D:3      | Found a hazy altar of Hepliaklqana.
  2141 | D:3      | Noticed a water moccasin
  2162 | D:3      | Slain by a water moccasin

Vault maps used:
D:1:      dpeg_arrival_simpleton_c
D:2:      johnstein_pakellas_shop
D:3:      nicolae_overflow_crystal_walls, fedhas_altar_fruit_tree

Skill      XL: |  1  2  3  4 |
---------------+-------------+-----
Dodging        | 2 3 |  3.2
Fighting       | 3 |  3.2
Polearms       | 4 |  4.3
Armour         | |  0.6
Spellcasting   | |  2.7
Charms         | |  3.9

Action                   |  1- 3 |  4- 6 || total
-------------------------+-------+-------++-------
Melee: Spear             |   157 |   111 ||   268
 Cast: Infusion          |       |     3 ||     3
  Use: Potion            |       |     1 ||     1
 Stab: Sleeping          |     2 |       ||     2
  Eat: Chunk             |     2 |     2 ||     4
Armor: Leather armour    |    29 |    22 ||    51
Dodge: Dodged            |    62 |    60 ||   122
